 Dungeon Crawl Stone Soup version 0.20-a0-1124-g2e29d97 (webtiles) character file.

955 4thArraOfDagon the Ruffian (level 7, -7/68 HPs)
             Began as a Troll Transmuter on May 16, 2017.
             Mangled by a two-headed ogre
             ... wielding a +0 giant club
              (8 damage)
             ... on level 8 of the Dungeon.
             The game lasted 00:06:37 (1202 turns).

4thArraOfDagon the Ruffian (Troll Transmuter)       Turns: 1202, Time: 00:06:38

Health: -7/68      AC:  7    Str: 19    XL:     7   Next: 91%
Magic:  7/7        EV: 10    Int: 11    God:
Gold:   172        SH:  0    Dex: 10    Spells: 5/8 levels left

rFire    . . .     SeeInvis .     - Unarmed
rCold    . . .     Gourm    +   (no shield)
rNeg     . . .     Faith    .   k - +0 troll leather armour
rPois    .         Spirit   .   (helmet restricted)
rElec    .         Reflect  .   (no cloak)
rCorr    .         Harm     .   (gloves unavailable)
MR       .....                  (boots unavailable)
Stlth    +.........             (no amulet)
Regen    1.1/turn               (no ring)
MPRegen  0.1/turn               (no ring)

@: no status effects
A: unfitting armour, claws 3, fast metabolism 3, gourmand, regeneration 1,
shaggy fur 1, tough skin 2
a: no special abilities


You were on level 8 of the Dungeon.
You were very full.

You visited 1 branch of the dungeon, and saw 8 of its levels.

You collected 172 gold pieces.

Inventory:

Hand Weapons
 g - a +0 giant spiked club
Missiles
 a - 79 arrows
Armour
 b - a +0 robe
 k - a +0 troll leather armour (worn)
Wands
 l - a wand of disintegration (18/24)
Scrolls
 e - a scroll of immolation {unknown}
 f - 2 scrolls of enchant weapon {unknown}
 i - 2 scrolls of remove curse {unknown}
 j - a scroll of teleportation {unknown}
Books
 c - a book of Changes

   Spells                             Type                      Level
   a - Beastly Appendage              Transmutation                1
   b - Sticks to Snakes               Transmutation                2
   c - Spider Form                    Transmutation/Poison         3
   d - Ice Form                       Ice/Transmutation            4
   e - Blade Hands                    Transmutation                5
Comestibles
 d - 6 bread rations
 h - a meat ration


   Skills:
 + Level 3.6 Fighting
 + Level 4.0 Dodging
 * Level 7.1 Unarmed Combat
 - Level 1.2 Spellcasting
 - Level 1.3 Transmutations


You had 5 spell levels left.
You knew the following spells:

 Your Spells              Type           Power        Failure   Level  Hunger
a - Beastly Appendage     Tmut           #.....       22%         1    ##.....
b - Sticks to Snakes      Tmut           #.......     32%         2    ###....


Dungeon Overview and Level Annotations

Branches:
Dungeon (8/15)
 Temple: D:4-7         Lair: D:8-11

Altars:
Ashenzari
Elyvilon
Fedhas
Kikubaaqudgha
Nemelex Xobeh
Qazlal
Trog
Vehumet
Xom

Shops:
D:5 =   D:7 =

Annotations:
D:3 Sigmund


Innate Abilities, Weirdness & Mutations

You are too large for most types of armour.
You have claws for hands.
Your metabolism is lightning-fast.
You like to eat raw meat.
Your natural rate of healing is unusually fast.
You are covered in fur. (AC +1)
You have very tough skin. (AC +2)


Message History

You scratch the two-headed ogre.
The two-headed ogre is moderately wounded.
The two-headed ogre hits you with a giant club!!
The two-headed ogre hits you with a giant spiked club!!
You scratch the two-headed ogre.
The two-headed ogre is moderately wounded.
The two-headed ogre completely misses you.
The two-headed ogre hits you with a giant spiked club!
* * * LOW HITPOINT WARNING * * *
You are too injured to fight recklessly!
You scratch the two-headed ogre but do no damage.
The two-headed ogre is moderately wounded.
You are too injured to fight recklessly!
You are too injured to fight recklessly!
You barely miss the two-headed ogre.
The two-headed ogre is moderately wounded.
The two-headed ogre hits you with a giant club!!
* * * LOW HITPOINT WARNING * * *
The two-headed ogre hits you with a giant spiked club!
You die...

###
#@#
#O#
#.#
#.#
#.#
...
###


You could see a two-headed ogre.

Vanquished Creatures
  A spriggan (D:7)
  A sky beast (D:6)
  2 ogres
  2 centaurs
  A bullfrog (D:7)
  2 crimson imps
  A centaur zombie (D:7)
  A jelly (D:7)
  2 bullfrog skeletons
  An iguana (D:5)
  A worker ant (D:6)
  A killer bee zombie (D:5)
  A hound skeleton (D:6)
  2 adders
  A howler monkey skeleton (D:5)
  A shadow imp (D:5)
  A worm (D:2)
  4 leopard geckos
  9 orcs
  A ball python (D:1)
  A giant cockroach (D:7)
  A goblin (D:2)
  2 jackals
  A kobold (D:3)
  A quokka (D:5)
  2 frilled lizards (D:5)
  2 rats
46 creatures vanquished.

Notes
Turn   | Place    | Note
-------+----------+-------------------------------------------
     0 | D:1      | 4thArraOfDagon the Troll Transmuter began the quest for the Orb.
     0 | D:1      | Reached XP level 1. HP: 18/18 MP: 1/1
    63 | D:2      | Reached skill level 1 in Fighting
    99 | D:2      | Reached XP level 2. HP: 27/27 MP: 2/2
   130 | D:3      | Noticed Sigmund
   197 | D:5      | Entered Level 5 of the Dungeon
   236 | D:5      | Found a blossoming altar of Fedhas.
   250 | D:5      | Noticed a centaur
   258 | D:5      | Found Ocuabawn's Jewellery Boutique.
   262 | D:5      | Noticed an ogre
   271 | D:5      | Reached XP level 3. HP: 33/33 MP: 3/3
   275 | D:5      | Learned a level 2 spell: Sticks to Snakes
   319 | D:5      | HP: 1/33 [ogre/giant spiked club (27)]
   320 | D:5      | Killed an ogre
   320 | D:5      | Reached skill level 4 in Unarmed Combat
   320 | D:5      | Reached XP level 4. HP: 1/42 MP: 1/4
   369 | D:5      | Reached XP level 5. HP: 44/49 MP: 5/5
   390 | D:5      | Killed a centaur
   390 | D:5      | Reached skill level 5 in Unarmed Combat
   579 | D:5      | Reached XP level 6. HP: 57/59 MP: 1/6
   606 | D:5      | Found an ancient bone altar of Kikubaaqudgha.
   606 | D:5      | Found a bloodstained altar of Trog.
   611 | D:5      | Found a shattered altar of Ashenzari.
   613 | D:5      | Found a sparkling altar of Nemelex Xobeh.
   615 | D:5      | Found a radiant altar of Vehumet.
   686 | D:6      | WHY
   735 | D:6      | Noticed a sky beast
   759 | D:6      | Killed a sky beast
   802 | D:6      | Reached skill level 6 in Unarmed Combat
   802 | D:6      | Reached XP level 7. HP: 48/67 MP: 7/7
   816 | D:6      | Found a sacrificial altar of Ru.
   818 | D:6      | Found a white marble altar of Elyvilon.
   818 | D:6      | Found a radiant altar of Vehumet.
   820 | D:6      | Found a stormy altar of Qazlal.
   820 | D:6      | Found a shimmering altar of Xom.
   820 | D:6      | Found a hide-covered altar of Uskayaw.
   822 | D:6      | NO
   923 | D:7      | Found a stormy altar of Qazlal.
  1094 | D:7      | Noticed a spriggan baker
  1104 | D:7      | Killed a spriggan baker
  1139 | D:7      | Reached skill level 7 in Unarmed Combat
  1166 | D:7      | Found Cuga's Jewellery Shoppe.
  1197 | D:8      | Noticed a two-headed ogre
  1202 | D:8      | HP: 1/68 [two-headed ogre/giant club (21)]
  1202 | D:8      | Mangled by a two-headed ogre

Vault maps used:
D:1:      lightli_arrival_statuegarden
D:3:      first_bread, grunt_ministairs_9, grunt_gozag_statues, uniq_sigmund
D:4:      nicolae_tso_besieged_by_evil, temple_fountains, serial_shops, shop,
          st_stairs_6
D:5:      lemuel_crystal_altar, chequers_temple_overflow_minitemple,
          serial_shops, shop
D:6:      doesnt_xom_only_xom, nicolae_ossuary_entry_ruins
D:7:      kennysheep_steamy, lemuel_round_altar, serial_shops, shop, the_bakery
D:8:      serial_shops, shop, kennysheep_little_box, shop, shop_coins,
          nicolae_shop_window_shopping, minivault_10, wad_dig_loot

Skill      XL: |  1  2  3  4  5  6  7 |
---------------+----------------------+-----
Fighting       | 1 2 3 |  3.6
Dodging        | 2 3 4 |  4.0
Unarmed Combat | 4 5 6 7 |  7.1
Spellcasting   | |  1.2
Transmutations | |  1.3

Action                   |  1- 3 |  4- 6 |  7- 9 || total
-------------------------+-------+-------+-------++-------
Melee: Unarmed           |    41 |    95 |    47 ||   183
       Punch             |       |     4 |       ||     4
 Cast: Sticks to Snakes  |     1 |     1 |       ||     2
  Use: Scroll            |     1 |     1 |       ||     2
 Stab: Sleeping          |     1 |       |       ||     1
  Eat: Chunk             |     6 |     3 |     6 ||    15
       Fruit             |       |     1 |       ||     1
Armor: Robe              |    18 |    25 |     3 ||    46
       Troll leather arm |       |       |     4 ||     4
Dodge: Dodged            |    22 |    48 |    24 ||    94
